 Dungeon Crawl Stone Soup version 0.24.0-123-gd5b16e6ec5 (webtiles) character file.

Game seed: 5748189945935804905, levelgen mode: deterministic

3605 Freitmort the Thaumaturge (level 9, -7/46 HPs)
             Began as a Deep Elf Conjurer on Jan 29, 2020.
             Was a Believer of Vehumet.
             Mangled by Gastronok (32 damage)
             ... on level 8 of the Dungeon on Jan 30, 2020.
             The game lasted 00:56:27 (10458 turns).

Freitmort the Thaumaturge (Deep Elf Conjurer)      Turns: 10458, Time: 00:56:28

Health: -7/46      AC:  4    Str:  7    XL:     9   Next: 86%
Magic:  12/26      EV: 14    Int: 27    God:    Vehumet [**....]
Gold:   426        SH:  0    Dex: 15    Spells: 21/30 levels left

rFire    . . .     SeeInvis +   s - +0 dagger "Kiun" {pierce, rElec SInv}
rCold    . . .     Gourm    .   (no shield)
rNeg     . . .     Faith    .   y - +1 robe
rPois    .         Spirit   .   (no helmet)
rElec    +         Reflect  .   h - +0 cloak
rCorr    .         Harm     .   (no gloves)
MR       +....                  (no boots)
Stlth    +++.......             (no amulet)
HPRegen  0.15/turn              u - +5 ring of intelligence
MPRegen  0.20/turn              g - ring of protection from magic

@: about to teleport, slowed, very slow
A: no striking features
a: Renounce Religion


You were on level 8 of the Dungeon.
You worshipped Vehumet.
Vehumet was pleased with you.
You were not hungry.

You visited 2 branches of the dungeon, and saw 9 of its levels.
You also visited: Sewer.

You collected 426 gold pieces.

Inventory:

Hand Weapons
 p - a +5 dagger
 s - the +0 dagger "Kiun" (weapon) {pierce, rElec SInv}
   (You found it on level 5 of the Dungeon)

   It inflicts extra damage upon your enemies.
   It insulates you from electricity.
   It lets you see invisible.
Armour
 h - a +0 cloak (worn)
 y - a +1 robe (worn)
Jewellery
 b - an uncursed ring of protection from cold
 e - an uncursed ring of resist corrosion
 g - a ring of protection from magic (right hand)
 r - a +1 ring of protection
 t - an uncursed ring of positive energy
 u - a +5 ring of intelligence (left hand)
 x - an uncursed ring of fire
Wands
 a - a wand of flame (9)
Scrolls
 l - 2 scrolls of amnesia
 n - 2 scrolls of fear
 o - 2 scrolls of remove curse
 w - a scroll of teleportation
 B - a scroll of magic mapping
Potions
 d - 3 potions of invisibility
 f - 3 potions of haste
 i - a potion of resistance
 j - a potion of flight
 k - 3 potions of heal wounds
 m - a potion of agility
 q - 2 potions of might
 v - a potion of brilliance
 z - a potion of cancellation {unknown}
 A - a potion of curing
Comestibles
 c - 16 rations


   Skills:
 + Level 0.8 Fighting
 + Level 4.1 Dodging
 + Level 5.4 Stealth
 + Level 11.0 Spellcasting
 + Level 10.1 Conjurations
 * Level 5.4 Fire Magic
 * Level 3.5 Poison Magic


You had 21 spell levels left.
You knew the following spells:

 Your Spells              Type           Power        Failure   Level  Hunger
a - Magic Dart            Conj           ####         1%          1    None
b - Searing Ray           Conj           ######       1%          2    None
c - Iskenderun's Mystic   Conj           ######..     1%          4    None
d - Flame Tongue          Conj/Fire      #####        1%          1    None
e - Sting                 Conj/Pois      ####         1%          1    None

Your spell library contained the following spells:

 Spells                   Type           Power        Failure   Level  Hunger
 Dazzling Spray           Conj/Hex       #####.       1%          3    None
 Beastly Appendage        Tmut           ##....       3%          1    None
 Corona                   Hex            ##.....      3%          1    None
 Inner Flame              Hex/Fire       ####....     3%          3    None
 Force Lance              Conj/Tloc      #####...     4%          4    None
 Fulminant Prism          Conj/Hex       #####.....   4%          4    None
 Spider Form              Tmut/Pois      ###.......   5%          3    None
 Slow                     Hex            ##......     6%          2    None
 Sticks to Snakes         Tmut           ##......     6%          2    None
 Portal Projectile        Hex/Tloc       ##....       12%         3    None
 Cause Fear               Hex            ##........   36%         4    None
 Ice Form                 Ice/Tmut       ##......     36%         4    None
 Leda's Liquefaction      Hex/Erth       ##........   36%         4    None
 Blade Hands              Tmut           ##........   71%         5    ###....


Dungeon Overview and Level Annotations

Branches:
Dungeon (8/15)             Temple (1/1) D:4            Lair (0/6) D:8
  Sewer (visited)

Altars:
Ashenzari
Cheibriados
Dithmenos
Elyvilon
Fedhas
Gozag
Hepliaklqana
Kikubaaqudgha
Makhleb
Nemelex Xobeh
Okawaru
Qazlal
Ru
Sif Muna
Trog
Uskayaw
Vehumet
Wu Jian
Xom
Yredelemnul
Zin
The Shining One

Shops:
D:7 !

Annotations:
D:6 3 runed translucent doors, Alannah's ghost, novice OpAs; Edmund
D:8 exclusion: two-headed ogre, Gastronok; Grum


Message History

Casting: Searing Ray (safe; 1% risk of failure)
Confirm with . or Enter, or press ? or * to list all spells.
Aiming: Searing Ray (safe; 1% risk of failure)
Press: ? - help, Shift-Dir - straight line, f/p - Gastronok
Aim: Gastronok, wearing a +0 hat of magic resistance (moderately wounded)
The searing ray hits Gastronok.
Gastronok is moderately wounded. (Press . to maintain the ray.)
The searing ray hits Gastronok.
Gastronok is moderately wounded.
Gastronok bites you!!
Ouch! That really hurt!
* * * LOW HITPOINT WARNING * * *
You feel much better.
Gastronok chants a spell, wobbling all the while.
As you read the scroll of teleportation, it crumbles to dust.
You feel strangely unstable. The bat closely misses you.
The bat hits you but does no damage. Gastronok bites you!!
Ouch! That really hurt!
You die...

..###............................
..###.......###............#....
............# ##...##.....>.####.
#..........## #>..###......###...
............###.....#............
...##.#.......#.)...#............
......#..##......................
.........####.......#............
..#...#..#.....w@b....#..........
..#..........[..b..#(.....#......
.##..##.......#.r###......#......
####.##.....#.##..#............#
.....................#.......#
#.)........##......).###......#
#........#####.......# .####..
.........# #.......## .. .
.......... #....)...# ..#


You could see Gastronok, a quokka and 2 bats.

Vanquished Creatures
  Erica (D:8)
  Psyche (D:8)
  A hungry ghost (D:8)
  Duvessa (D:7)
  2 ice beasts
  2 sky beasts
  Purgy (Sewer)
  4 ogres
  A phantom (D:8)
  A centaur (D:7)
  2 wolves (D:8)
  A bullfrog (D:7)
  A scorpion (D:8)
  Dowan (D:7)
  3 wights (D:8)
  2 howler monkeys
  A centaur zombie (D:6)
  2 orc priests
  A bullfrog skeleton (D:4)
  A gnoll shaman (D:6)
  3 jellies
  A centaur skeleton (D:5)
  4 hounds
  2 iguanas
  Terence (D:3)
  4 orc wizards
  4 worker ants (D:4)
  A howler monkey skeleton (D:4)
  7 adders
  A shadow imp (D:6)
  An adder zombie (D:7)
  4 worms
  2 dart slugs (D:3)
  A leopard gecko (D:8)
  21 orcs
  15 giant cockroaches
  9 goblins
  5 hobgoblins
  11 jackals
  3 quokkas
  10 bats
  9 frilled lizards
  A jackal skeleton (D:5)
  12 kobolds
  3 quokka zombies
  4 rats
169 creatures vanquished.

Notes
Turn   | Place    | Note
-------+----------+-------------------------------------------
     0 | D:1      | Freitmort the Deep Elf Conjurer began the quest for the
                  | Orb.
     0 | D:1      | Reached XP level 1. HP: 10/10 MP: 6/6
   326 | D:1      | Reached XP level 2. HP: 15/15 MP: 5/8
   591 | D:1      | Reached skill level 5 in Conjurations
   824 | D:1      | Learned a level 2 spell: Searing Ray
  1376 | D:2      | Reached XP level 3. HP: 19/19 MP: 7/9
  1553 | D:2      | Found an ancient bone altar of Kikubaaqudgha.
  2201 | D:2      | Reached XP level 4. HP: 24/24 MP: 7/11
  2363 | D:2      | Found a blossoming altar of Fedhas.
  2656 | D:3      | Noticed Terence
  2958 | D:3      | Reached skill level 4 in Spellcasting
  2958 | D:3      | Reached XP level 5. HP: 14/28 MP: 7/13
  3230 | D:3      | Killed Terence
  3230 | D:3      | Reached skill level 5 in Spellcasting
  3570 | D:3      | Found a basalt altar of Yredelemnul.
  3823 | D:3      | Learned a level 4 spell: Iskenderun's Mystic Blast
  3845 | D:4      | Found a staircase to the Ecumenical Temple.
  3875 | Temple   | Entered the Ecumenical Temple
  3940 | Temple   | Became a worshipper of Vehumet
  4269 | D:4      | Reached XP level 6. HP: 29/32 MP: 10/16
  4728 | D:4      | Reached skill level 6 in Spellcasting
  5397 | D:5      | Entered Level 5 of the Dungeon
  5563 | D:5      | Reached XP level 7. HP: 36/36 MP: 13/19
  5672 | D:5      | Found a glowing drain.
  5776 | Sewer    | Entered a sewer
  5791 | Sewer    | Reached skill level 7 in Spellcasting
  5823 | Sewer    | Noticed Purgy
  5876 | Sewer    | Killed Purgy
  6326 | D:5      | Reached * piety under Vehumet
  6326 | D:5      | Offered knowledge of Flame Tongue by Vehumet.
  6363 | D:5      | Learned a level 1 spell: Flame Tongue
  6449 | D:5      | Got a pitted dagger
  6625 | D:5      | Identified the cursed +0 dagger "Kiun" {pierce, rElec SInv}
                  | (You found it on level 5 of the Dungeon)
  6888 | D:5      | Reached skill level 8 in Spellcasting
  7065 | D:6      | Reached XP level 8. HP: 42/42 MP: 15/22
  7159 | D:6      | Reached skill level 1 in Fire Magic
  7471 | D:6      | Noticed Edmund
  7515 | D:6      | Found a runed translucent gate.
  7515 | D:6      | Found a runed translucent gate.
  7515 | D:6      | Found a runed translucent gate.
  7515 | D:6      | Noticed Alannah's ghost (novice OpAs)
  7973 | D:6      | Reached skill level 9 in Spellcasting
  8438 | D:7      | Noticed Duvessa
  8438 | D:7      | Noticed Dowan
  9018 | D:7      | Reached ** piety under Vehumet
  9057 | D:7      | Killed Dowan
  9057 | D:7      | Offered knowledge of Sting by Vehumet.
  9083 | D:7      | Learned a level 1 spell: Sting
  9131 | D:7      | Found Taeteipain's Distillery.
  9325 | D:7      | Killed Duvessa
  9325 | D:7      | Reached skill level 5 in Stealth
  9325 | D:7      | Reached XP level 9. HP: 19/46 MP: 7/24
  9763 | D:8      | Noticed Psyche
  9775 | D:8      | Killed Psyche
  9775 | D:8      | Reached skill level 10 in Spellcasting
  9775 | D:8      | Reached skill level 1 in Poison Magic
 10031 | D:8      | Noticed Erica
 10031 | D:8      | Noticed Grum
 10057 | D:8      | Killed Erica
 10057 | D:8      | Reached skill level 5 in Fire Magic
 10132 | D:8      | Found a bloodstained altar of Trog.
 10133 | D:8      | Found a blossoming altar of Fedhas.
 10136 | D:8      | Found an opulent altar of Gozag.
 10138 | D:8      | Found a glowing golden altar of the Shining One.
 10139 | D:8      | Found a shimmering altar of Xom.
 10140 | D:8      | Found a shattered altar of Ashenzari.
 10140 | D:8      | Found a sparkling altar of Nemelex Xobeh.
 10141 | D:8      | Found a hazy altar of Hepliaklqana.
 10143 | D:8      | Noticed a two-headed ogre
 10208 | D:8      | Reached skill level 10 in Conjurations
 10309 | D:8      | Noticed Gastronok
 10311 | D:8      | Reached skill level 11 in Spellcasting
 10344 | D:8      | Found a staircase to the Lair.
 10456 | D:8      | HP: 1/46 [Gastronok (26)]
 10458 | D:8      | Mangled by Gastronok

Levels and vault maps discovered:
D:1:      wander_arrival_desolate, layout_basic, grunt_decor_mini_mirrors
D:2:      layout_loops_ring, old_standard_altar, fedhas_altar_1
D:3:      layout_loops_ring, lemuel_round_altar, first_ration, uniq_terence
D:4:      lemuel_upstairs_altar, layout_loops_ring,
          minmay_temple_entry_offerings, serial_glass, glass_columns_a,
          glass_columns_c
D:5:      layout_basic, gup_sewer_entry_glass, chequers_arboretum
D:6:      minmay_angry_zag, layout_gridville, gammafunk_ghost_necromancy,
          uniq_edmund
D:7:      layout_rooms, serial_shops, nicolae_shop_window_shopping, uniq_duvessa
D:8:      layout_cave_pools, grunt_temple_overflow_open, lair_entry_dummy,
          uniq_pikel, uniq_gastronok, uniq_erica, uniq_grum, uniq_psyche
Temple:   hc_temple_tempest_star

Skill      XL: |  1  2  3  4  5  6  7  8  9 |
---------------+----------------------------+-----
Conjurations   | 5 6 7 8 9 10 | 10.1
Stealth        | 3 4 5 |  5.4
Spellcasting   | 4 5 6 8 9 11 | 11.0
Dodging        | 3 4 |  4.1
Fire Magic     | 4 5 |  5.4
Poison Magic   | 3 |  3.5
Fighting       | |  0.8

Action                   |  1- 3 |  4- 6 |  7- 9 || total
-------------------------+-------+-------+-------++-------
 Cast: Magic Dart        |    72 |   129 |   137 ||   338
       Searing Ray       |     3 |    15 |    39 ||    57
       Flame Tongue      |       |       |    13 ||    13
       Iskenderun's Myst |       |       |     2 ||     2
       Sting             |       |       |     2 ||     2
  Use: Scroll            |     7 |     6 |    10 ||    23
       Potion            |       |       |     3 ||     3
  Eat: Chunk             |     4 |    10 |     7 ||    21
       Ration            |       |       |     3 ||     3
Armor: Robe              |     3 |     5 |    15 ||    23
Dodge: Dodged            |    10 |    18 |    40 ||    68
